 Dungeon Crawl Stone Soup version 0.20-a0-522-g0b37eee (webtiles) character file.

120 MirrMurr the Poker (level 5, -1/48 HPs)
             Began as a Tengu Berserker on Jan 26, 2017.
             Was a Believer of Trog.
             Slain by a goblin (6 damage)
             ... led by Robin
             ... on level 2 of the Dungeon.
             The game lasted 00:04:46 (1662 turns).

MirrMurr the Poker (Tengu Berserker)                Turns: 1662, Time: 00:04:47

Health: -1/48      AC:  6    Str: 23    XL:     5   Next: 4%
Magic:  6/6        EV: 12    Int:  7    God:    Trog [**....]
Gold:   11         SH:  0    Dex: 14    Spells: 4/4 levels left

rFire    . . .     SeeInvis .   a - +0 spear
rCold    . . .     Gourm    .   k - +0 ring mail
rNeg     . . .     Faith    .   (no shield)
rPois    .         Spirit   .   (helmet restricted)
rElec    .         Reflect  .   f - +0 cloak
rCorr    .         Harm     .   (no gloves)
MR       +....                  (boots unavailable)
Stlth    ..........             (no amulet)
Regen    0.2/turn               (no ring)
                                p - ring of protection from magic

@: berserking, very quick
A: beak, talons 3, able to fly 1
a: Fly, Berserk, Trog's Hand, Burn Spellbooks, Renounce Religion


You were on level 2 of the Dungeon.
You worshipped Trog.
Trog was pleased with you.
You were very hungry.

You visited 1 branch of the dungeon, and saw 2 of its levels.

You collected 11 gold pieces.

Inventory:

Hand Weapons
 a - a +0 spear (weapon)
Missiles
 d - 15 poisoned needles
 h - 8 javelins (quivered)
Armour
 f - a +0 cloak (worn)
 k - a +0 ring mail (worn)
Jewellery
 p - a ring of protection from magic (left hand)
Scrolls
 i - 3 scrolls of identify
 r - 2 scrolls of remove curse
Potions
 b - 2 potions of might
 e - a potion of degeneration {unknown}
 g - a potion of cancellation {unknown}
 j - a potion of magic {unknown}
 o - a potion of brilliance {unknown}
Comestibles
 c - 3 bread rations
 n - a royal jelly


   Skills:
 + Level 3.6 Fighting
 * Level 5.2 Polearms
 + Level 2.5 Armour
 + Level 2.2 Dodging
 + Level 1.2 Stealth


You had 4 spell levels left.
You didn't know any spells.

Dungeon Overview and Level Annotations

Branches:
Dungeon (2/15)

Altars:


Innate Abilities, Weirdness & Mutations

You have a beak for a mouth.
You have claws for feet.
You can fly.


Message History

* * * LOW HITPOINT WARNING * * *
The goblin barely misses you. The goblin hits you with a dagger.
* * * LOW HITPOINT WARNING * * *
Your ring mail prevents you from hitting Robin.
Your peck misses Robin.
Robin is almost dead.
The goblin barely misses you. x2; Robin misses you.
You hit Robin.
You kill Robin!
Trog accepts your kill.
You have reached level 5!
You have gained the ability to fly.
The goblin hits you.
* * * LOW HITPOINT WARNING * * *
The hobgoblin barely misses you.
The goblin hits you but does no damage. x2
You puncture the goblin!
You kill the goblin!
Trog accepts your kill. The goblin barely misses you. The goblin hits you.
You die...

#......########.# ##.#####
##.######.......# #>..... #.#
#.########## #######
#.######.# #......### #
#.....##.# #......'.# #
##..##.##.# #......#.#
#....#.##.###......#.########
###..#.##..†.)..#'##.........
#...#.#####@g.....##########
##..##.#...ggg.....##########
#....#.#.###.......'.........
######.#.# #.......##########
#...#.# #..............# #
###.###.# +.......######.# #
#.......# #............#.# #
#.#.....# #............#.# #
#.#.....# #####'###.####.#


You could see a hobgoblin and 3 goblins.

Vanquished Creatures
  Jessica (D:2)
  Robin (D:2)
  2 gnolls (D:1)
  An adder (D:2)
  2 oozes (D:1)
  A worm (D:2)
  2 dart slugs
  2 leopard geckos
  2 giant cockroaches (D:1)
  9 goblins
  4 hobgoblins
  3 bats (D:1)
  4 frilled lizards
  4 kobolds
  2 rats (D:2)
40 creatures vanquished.

Notes
Turn   | Place    | Note
-------+----------+-------------------------------------------
     0 | D:1      | MirrMurr the Tengu Berserker began the quest for the Orb.
     0 | D:1      | Reached XP level 1. HP: 14/14 MP: 2/2
   253 | D:1      | Reached XP level 2. HP: 19/19 MP: 3/3
   567 | D:1      | Reached skill level 4 in Polearms
   663 | D:1      | Reached XP level 3. HP: 23/23 MP: 4/4
  1092 | D:2      | Noticed Robin
  1110 | D:2      | Reached XP level 4. HP: 26/28 MP: 5/5
  1111 | D:2      | Reached skill level 1 in Stealth
  1117 | D:2      | Reached ** piety under Trog
  1413 | D:2      | Noticed Jessica
  1416 | D:2      | Killed Jessica
  1416 | D:2      | Reached skill level 5 in Polearms
  1661 | D:2      | Killed Robin
  1661 | D:2      | Gained mutation: You can fly. [Tengu growth]
  1661 | D:2      | Reached XP level 5. HP: 9/32 MP: 6/6
  1662 | D:2      | Slain by a goblin

Vault maps used:
D:1:      nagdon_arrival_double_spiral
D:2:      uniq_jessica, uniq_robin

Skill      XL: |  1  2  3  4 |
---------------+-------------+-----
Polearms       | 4 5 |  5.2
Stealth        | 1 |  1.2
Fighting       | |  3.6
Armour         | |  2.5
Dodging        | |  2.2

Action                   |  1- 3 |  4- 6 || total
-------------------------+-------+-------++-------
Melee: Spear             |    68 |    40 ||   108
       Kick              |    16 |    10 ||    26
       Peck              |     5 |     5 ||    10
Invok: Berserk           |     1 |     1 ||     2
  Use: Scroll            |     6 |       ||     6
 Stab: Sleeping          |     1 |       ||     1
  Eat: Chunk             |     1 |     2 ||     3
Armor: Ring mail         |    11 |    15 ||    26
Dodge: Dodged            |    30 |    30 ||    60
